 Dungeon Crawl Stone Soup version 0.30-a0-475-g03497ec522 (webtiles) character file.

Game seed: 707598182068994275

80584 funkygono the Thaumaturge (level 15, -2/98 HPs)
             Began as a Demonspawn Fire Elementalist on Dec 20, 2022.
             Was a High Priest of Vehumet.
             Slain by a skeletal warrior
             ... wielding a +2 glaive of protection
              (20 damage)
             ... on level 13 of the Dungeon.
             The game lasted 00:58:33 (23610 turns).

funkygono the Thaumaturge (DsFE)                   Turns: 23610, Time: 00:58:34

Health: -2/98      AC: 15    Str: 14    XL:     15   Next: 24%
Magic:  26/33      EV: 13    Int: 33    God:    Vehumet [*****.]
Gold:   1259       SH:  0    Dex: 17    Spells: 18/43 levels left

rFire   + . .      SeeInvis .    m - +5 quarterstaff (protect)
rCold   . . .      Faith    .    (shield currently unavailable)
rNeg    . . .      Spirit   .    W - +4 robe of Augmentation {Str+4 Int+4 Dex+4}
rPois   .          Reflect  .    (helmet restricted)
rElec   .          Harm     .    r - scarf {repulsion}
rCorr   .          Rampage  +    f - +1 pair of gloves
Will    +....                    X - +1 pair of boots {rampage}
Stlth   ++........               y - amulet of regeneration
HPRegen 1.16/turn                s - +6 ring of intelligence
MPRegen 0.23/turn                C - ring of fire

@: repel missiles
A: antennae 2, icy blue scales 3, foul stench 1, demonic magic 1, corrupting
presence 2, word of chaos
a: Word of Chaos, Renounce Religion


You were on level 13 of the Dungeon.
You worshipped Vehumet.
Vehumet was extremely pleased with you.
You visited 4 branches of the dungeon, and saw 21 of its levels.
You also visited: Sewer.

You collected 1859 gold pieces.
You spent 600 gold pieces at shops.

Inventory:

Hand Weapons
 m - a +5 quarterstaff of protection (weapon)
Armour
 f - a +1 pair of gloves (worn)
 r - a scarf of repulsion (worn)
 E - the +1 scale mail of the Forsaken Places {Rampage Int+4 Dex+3 SInv}
   (You found it on level 6 of the Dungeon)

   Int:       It affects your intelligence (+4).
   Dex:       It affects your dexterity (+3).
   SInv:      It lets you see invisible.
   Rampage:   It bestows one free step when moving towards enemies.
 W - the +4 robe of Augmentation (worn) {Str+4 Int+4 Dex+4}
   (You found it on level 11 of the Dungeon)

   Str:       It affects your strength (+4).
   Int:       It affects your intelligence (+4).
   Dex:       It affects your dexterity (+4).
 X - a +1 pair of boots of rampaging (worn)
Magical Staves
 O - a staff of earth
Jewellery
 o - a +4 ring of slaying
 s - a +6 ring of intelligence (left hand)
 y - an amulet of regeneration (around neck)
 C - a ring of fire (right hand)
 I - a ring of wizardry
 N - a ring of resist corrosion
 S - a ring of protection from cold
Wands
 c - a wand of flame (16)
 j - a wand of light (17)
 p - a wand of charming (31)
 F - a wand of polymorph (22)
 L - a wand of roots (4)
Scrolls
 a - a scroll of amnesia
 e - 2 scrolls of poison
 h - a scroll of fog
 k - 7 scrolls of teleportation
 l - a scroll of fear {unknown}
 B - 3 scrolls of identify
 G - 7 scrolls of magic mapping
Potions
 b - a potion of mutation
 d - 3 potions of haste
 g - 2 potions of invisibility
 i - a potion of heal wounds
 n - 5 potions of resistance
 q - 5 potions of curing
 v - 6 potions of cancellation
 w - 8 potions of brilliance
 z - a potion of flight
 H - a potion of ambrosia


   Skills:
 + Level 3.0 Fighting
 + Level 3.2 Staves
 + Level 7.3 Armour
 + Level 3.6 Dodging
 - Level 1.7 Stealth
 + Level 14.6 Spellcasting
 + Level 8.2 Conjurations
 + Level 7.2 Necromancy
 + Level 4.8 Transmutations
 + Level 12.0 Fire Magic
 + Level 3.6 Earth Magic
 + Level 8.7 Poison Magic


You had 18 spell levels left.
You knew the following spells:

 Your Spells              Type           Power      Damage    Failure   Level
a - Foxfire               Conj/Fire      100%       2x1d9     1%          1
b - Scorch                Fire           100%       2d10      0%          2
c - Kindle Blastsparks    Fire/Tloc/Air  100%       2d18      1%          3
d - Flame Wave            Conj/Fire      95%        2d20      1%          4
e - Necrotise             Necr           100%       1d9       1%          1
f - Vampiric Draining     Necr           64%        2d10      1%          3
g - Kiss of Death         Conj/Necr      100%       2d13      1%          1
h - Ignite Poison         Fire/Tmut/Pois 88%        N/A       1%          3
i - Olgreb's Toxic Radia  Pois           70%        N/A       1%          4
j - Stone Arrow           Conj/Erth      100%       3d13      1%          3

Your spell library contained the following spells:

 Spells                   Type           Power      Damage    Failure   Level
 Fulminant Prism          Conj/Hex       25%        3d14      1%          4
 Apportation              Tloc           48%        N/A       1%          1
 Freeze                   Ice            96%        1d10      1%          1
 Slow                     Hex            96%        N/A       1%          1
 Sting                    Tmut/Pois      100%       1d8       1%          1
 Summon Small Mammal      Summ           96%        N/A       1%          1
 Cigotuvi's Dreadful Rot  Necr/Pois/Air  100%       N/A       1%          2
 Poisonous Vapours        Pois/Air       100%       N/A       1%          2
 Sublimation of Blood     Necr           64%        N/A       1%          2
 Frozen Ramparts          Ice            48%        1d8       1%          3
 Hailstorm                Conj/Ice       51%        3d11      1%          3
 Inner Flame              Hex/Fire       77%        N/A       1%          3
 Sticky Flame             Conj/Fire      95%        2d10      1%          4
 Irradiate                Conj/Tmut      30%        3d21      1%          5
 Petrify                  Tmut/Erth      51%        N/A       3%          4
 Alistair's Intoxication  Tmut/Pois      41%        N/A       3%          5
 Eringya's Noxious Bog    Tmut/Pois      31%        N/A       4%          6
 Confusing Touch          Hex            24%        N/A       5%          3
 Summon Guardian Golem    Hex/Summ       24%        N/A       5%          3
 Tukima's Dance           Hex            24%        N/A       5%          3
 Vhi's Electric Charge    Tloc/Air       48%        N/A       5%          3
 Borgnjor's Vile Clutch   Necr/Erth      28%        N/A       5%          5
 Yara's Violent Unravell  Hex/Tmut       20%        3d9       5%          5
 Animate Armour           Summ/Erth      72%        N/A       9%          4
 Orb of Destruction       Conj           34%        9d10      13%         7
 Passage of Golubria      Tloc           24%        N/A       19%         4
 Ignition                 Fire           51%        3d14      21%         8
 Spellforged Servitor     Conj/Summ      25%        N/A       54%         7
 Lehudib's Crystal Spear  Conj/Erth      29%        10d8      91%         8
 Storm Form               Tmut/Air       20%        N/A       99%         7


Dungeon Overview and Level Annotations

Branches:
Dungeon (13/15)            Temple (1/1) D:7            Lair (5/5) D:10
 Shoals (0/4) Lair:2       Spider (0/4) Lair:3        Slime (0/5) Lair:4
    Orc (2/2) D:10            Elf (0/3) Orc:2         Sewer (visited)
 Vaults: D:13-14

Altars:
Ashenzari
Cheibriados
Dithmenos
Gozag
Kikubaaqudgha
Makhleb
Nemelex Xobeh
Okawaru
Sif Muna
Trog
Uskayaw
Vehumet
Wu Jian
Yredelemnul

Shops:
D:8 !:(   Orc:2 (=[(

Annotations:
D:8 2 transporters
Lair:1 3 runed translucent doors, Fuodati's ghost, journeyman NaNe


Innate Abilities, Weirdness & Mutations

You have a pair of antennae on your head.
You are completely covered in icy blue scales. (AC +4, rC+)
You may rarely emit foul miasma when damaged in melee.
Spells you cast may paralyse adjacent enemies.
Your presence sometimes corrodes or deforms those you injure.
You can speak a Word of Chaos.


Message History

You feel much better.
The skeletal warrior hits you but does no damage.
The skeletal warrior barely misses you.
Casting: Flame Wave (safe; 1% risk of failure)
Confirm with . or Enter, or press ? or * to list all spells.
You feel a surge of power!
Flames lash the skeletal warrior but do no damage.
Malevolent energies surge around you.
The skeletal warrior completely misses you.
The skeletal warrior hits you from afar with a +2 glaive of protection!!
* * * LOW HITPOINT WARNING * * *
Casting: Scorch (safe; 0% risk of failure)
Confirm with . or Enter, or press ? or * to list all spells.
Okay, then.
You feel much better.
The skeletal warrior hits you with a +0 war axe!
* * * LOW HITPOINT WARNING * * *
The skeletal warrior hits you from afar with a +2 glaive of protection!!
* * * LOW HITPOINT WARNING * * *
Unknown command.
You feel much better.
The skeletal warrior hits you with a +0 war axe!!
* * * LOW HITPOINT WARNING * * *
The skeletal warrior hits you but does no damage.
Unknown command.
You feel much better. The skeletal warrior misses you.
The skeletal warrior hits you from afar with a +2 glaive of protection!!
* * * LOW HITPOINT WARNING * * *
Unknown command.
Casting: Scorch (safe; 0% risk of failure)
Confirm with . or Enter, or press ? or * to list all spells.
Casting: Flame Wave (safe; 1% risk of failure)
Press: ? - help, Dir - look around, f - activate You feel a surge of power!
A wave of flame ripples out!
The flame wave engulfs the skeletal warrior!
The skeletal warrior is heavily damaged. (Press . to intensify the flame waves.) Malevolent energies surge around you.
The skeletal warrior misses you.
The skeletal warrior hits you from afar with a +2 glaive of protection!!
You die...

#..........#####..##
#.###(............# ##
...##...[[....... ## ###.
.......[..).)..## z..☼
####>.........#
...###.#######..........###
.......))..##.............#
.......###..#...........#.##
>..#### #.....#)@z.....##..#
. .....##.###.z.<.......##.#
###....# #...........##.##
#......####..............#
#....#...#...............#
......###..............(..#
.#........###........#....#
#........# ##.......)....#
##....##.##
#######......####


You could see 2 skeletal warriors.

Vanquished Creatures
  Gastronok (D:9)
  Donald (Orc:2)
  An orc warlord (Orc:2)
  Nessos (Lair:4)
  5 hydras
  6 boulder beetles
  A merfolk avatar (Lair:5)
  A centaur warrior (D:13)
  A catoblepas (Lair:5)
  5 two-headed ogres
  An orc high priest (Orc:2)
  3 skeletal warriors (D:13)
  The ghost of DEFE the Martial Artist, a novice OpFi of Gozag (D:7)
  An orb spider (Lair:3)
  A harpy (Lair:5)
  3 deep elf pyromancers
  5 orc knights
  An orc sorcerer (Orc:2)
  An ugly thing (D:12)
  2 oklob plants (Lair:4)
  4 manticores
  4 black mambas
  10 elephants
  A merfolk siren (Lair:2)
  A gargoyle (D:13)
  18 cane toads
  An unseen horror (D:10)
  11 komodo dragons
  4 rime drakes
  2 polar bears
  4 trolls
  3 slime creatures (D:12)
  2 snapping turtles (Lair:5)
  Prince Ribbit (D:8)
  A hornet (Lair:5)
  4 blink frogs
  16 dream sheep
  47 yaks
  2 shadows (D:11)
  7 wyverns
  Eustachio (D:5)
  3 hogs (D:8)
  A vampire (D:12)
  3 basilisks
  A human (D:8)
  8 vampire mosquitoes
  3 steam dragons (Lair:5)
  Edmund (D:6)
  3 wargs
  10 water moccasins
  2 acid dragons
  5 black bears
  3 sky beasts (D:7)
  An ice beast (D:7)
  33 orc warriors
  3 ogres
  3 centaurs
  4 wolves (Lair:3)
  2 phantoms
  A kobold brigand (D:7)
  11 bullfrogs
  A necrophage (D:6)
  7 scorpions
  12 wights
  3 killer bees (D:9)
  2 howler monkeys
  An electric eel (Lair:1)
  2 hounds
  3 jellies
  14 orc priests
  4 gnoll boudas
  Ijyb (D:3)
  4 iguanas
  26 orc wizards
  9 adders
  20 gnolls
  A white imp (D:7)
  2 ufetubi
  A worm (D:4)
  4 dart slugs (D:2)
  112 orcs
  7 ball pythons
  15 bats
  10 endoplasms
  2 giant cockroaches
  4 hobgoblins
  3 jackals (D:4)
  2 quokkas (D:3)
  4 frilled lizards
  11 goblins
  12 kobolds
  9 rats
  A bush (Lair:4)
596 creatures vanquished.

Vanquished Creatures (collateral kills)
  11 foxfires
11 creatures vanquished.

Vanquished Creatures (others)
  An orc (Orc:2)
  1307 foxfires
  57 fungi
  69 plants
1434 creatures vanquished.

Grand Total: 2041 creatures vanquished

Notes
Turn   | Place    | Note
-------+----------+-------------------------------------------
     0 | D:1      | funkygono the Demonspawn Fire Elementalist began the quest
                  | for the Orb.
     0 | D:1      | Reached XP level 1. HP: 13/13 MP: 3/3
   299 | D:1      | Gained mutation: You may rarely emit foul miasma when
                  | damaged in melee. [demonic ancestry]
   299 | D:1      | Reached XP level 2. HP: 19/19 MP: 3/5
   302 | D:1      | Learned a level 2 spell: Scorch
   979 | D:1      | Reached XP level 3. HP: 24/24 MP: 3/6
  1150 | D:1      | Learned a level 3 spell: Kindle Blastsparks
  2258 | D:3      | Noticed Ijyb
  2273 | D:3      | Killed Ijyb
  2274 | D:3      | Gained mutation: Spells you cast may paralyse adjacent
                  | enemies. [demonic ancestry]
  2274 | D:3      | Reached XP level 4. HP: 6/30 MP: 0/7
  2930 | D:3      | Found a burning altar of Makhleb.
  3071 | D:3      | Reached skill level 3 in Spellcasting
  3071 | D:3      | Reached XP level 5. HP: 35/35 MP: 1/9
  3188 | D:3      | Learned a level 4 spell: Flame Wave
  3374 | D:4      | Noticed a black bear
  3382 | D:4      | Killed a black bear
  3383 | D:4      | Reached XP level 6. HP: 41/41 MP: 3/11
  3438 | D:4      | Reached skill level 4 in Spellcasting
  3438 | D:4      | Reached skill level 5 in Fire Magic
  3647 | D:4      | Learned a level 1 spell: Necrotise
  3826 | D:4      | Reached skill level 1 in Fighting
  3826 | D:4      | Gained mutation: You are partially covered in icy blue
                  | scales. (AC +2) [demonic ancestry]
  3826 | D:4      | Reached XP level 7. HP: 48/48 MP: 6/13
  3876 | D:4      | Found an opulent altar of Gozag.
  3921 | D:4      | Found an iron altar of Okawaru.
  3946 | D:4      | Found a hide-covered altar of Uskayaw.
  4018 | D:4      | Reached skill level 1 in Necromancy
  4222 | D:4      | Reached skill level 5 in Spellcasting
  4533 | D:5      | Entered Level 5 of the Dungeon
  4572 | D:5      | Found a shadowy altar of Dithmenos.
  4667 | D:5      | Noticed Eustachio
  4672 | D:5      | Killed Eustachio
  4685 | D:5      | Gained mutation: You have a pair of small antennae on your
                  | head. [demonic ancestry]
  4685 | D:5      | Reached XP level 8. HP: 54/54 MP: 0/16
  4727 | D:5      | Reached skill level 6 in Spellcasting
  5055 | D:5      | Identified the +8 sling "Wyeguc" {freeze, Int+4 SInv
                  | Stlth+}
  5368 | D:5      | Learned a level 3 spell: Vampiric Draining
  5662 | D:6      | Found a glowing drain.
  5666 | Sewer    | Entered a sewer
  5848 | D:6      | Identified the +1 scale mail of the Forsaken Places
                  | {Rampage Int+4 Dex+3 SInv}
  5858 | D:6      | Found a radiant altar of Vehumet.
  5866 | D:6      | Became a worshipper of Vehumet
  5913 | D:6      | Noticed Edmund
  5915 | D:6      | Reached skill level 1 in Staves
  5926 | D:6      | Killed Edmund
  5927 | D:6      | Reached skill level 7 in Spellcasting
  6218 | D:6      | You fall into a shaft and drop 3 floors!
  6229 | D:8      | Noticed Prince Ribbit
  6236 | D:8      | Killed Prince Ribbit
  6237 | D:8      | Gained mutation: You have a pair of antennae on your head.
                  | [demonic ancestry]
  6237 | D:8      | Reached XP level 9. HP: 49/59 MP: 10/20
  6311 | D:8      | Found a bloodstained altar of Trog.
  6538 | D:7      | Noticed DEFE's ghost (novice OpFi)
  6538 | D:7      | Found a runed translucent door.
  6621 | D:7      | Reached * piety under Vehumet
  6621 | D:7      | Offered knowledge of Kiss of Death by Vehumet.
  6822 | D:6      | Reached skill level 8 in Spellcasting
  6890 | D:6      | Learned a level 1 spell: Kiss of Death
  7173 | D:7      | Identified the +0 robe of Zenkarpha {Slay+2}
  7303 | D:7      | Reached skill level 5 in Conjurations
  7505 | D:7      | Found a staircase to the Ecumenical Temple.
  7519 | Temple   | Entered the Ecumenical Temple
  7616 | D:7      | Found an ornate altar of the Wu Jian Council.
  8180 | D:7      | Killed DEFE's ghost
  8181 | D:7      | Reached skill level 9 in Spellcasting
  8181 | D:7      | Reached skill level 5 in Necromancy
  8181 | D:7      | Gained mutation: You are mostly covered in icy blue scales.
                  | (AC +3) [demonic ancestry]
  8181 | D:7      | Reached XP level 10. HP: 65/65 MP: 6/23
  8405 | D:8      | Found Zeum's Distillery.
  8513 | D:8      | Found Dunyikh's Book Shoppe.
  8554 | D:8      | Found a transporter.
  8554 | D:8      | Found an ancient bone altar of Kikubaaqudgha.
  8555 | D:8      | Noticed a flayed ghost
  8568 | D:8      | Noticed a skeletal warrior
  8571 | D:8      | Found a transporter.
  8660 | D:8      | Found Haniskaw's Weapon Shop.
  8735 | D:8      | Found a basalt altar of Yredelemnul.
  8740 | D:8      | Offered knowledge of Momentum Strike by Vehumet.
  8747 | D:8      | Reached ** piety under Vehumet
  8909 | D:8      | Reached skill level 1 in Armour
  9307 | D:9      | Got the Meditations on Fulgurant Wicked Arts
  9336 | D:9      | Noticed Gastronok
  9355 | D:9      | Killed Gastronok
  9356 | D:9      | Reached skill level 10 in Spellcasting
  9493 | D:9      | Gained mutation: You are completely covered in icy blue
                  | scales. (AC +4, rC+) [demonic ancestry]
  9493 | D:9      | Reached XP level 11. HP: 63/70 MP: 10/25
  9674 | D:9      | Offered knowledge of Poisonous Vapours by Vehumet.
  9909 | D:9      | Noticed a two-headed ogre
  9918 | D:9      | Killed a two-headed ogre
 10223 | D:9      | Found a faded altar of an unknown god.
 10223 | D:9      | Found a snail-covered altar of Cheibriados.
 10229 | D:9      | Reached *** piety under Vehumet
 10257 | D:9      | Found a faded altar of an unknown god.
 10259 | D:9      | Found a sparkling altar of Nemelex Xobeh.
 10261 | D:9      | Found a broken altar of Ashenzari.
 10340 | D:10     | Entered Level 10 of the Dungeon
 10656 | D:10     | Reached skill level 11 in Spellcasting
 10660 | D:10     | Found a staircase to the Orcish Mines.
 10738 | D:10     | Found a transporter.
 10740 | D:10     | Found a transporter.
 10740 | D:10     | Noticed a boulder beetle
 11119 | D:10     | Noticed a deep elf pyromancer
 11212 | D:10     | Offered knowledge of Ignite Poison by Vehumet.
 11269 | D:10     | Found a staircase to the Lair.
 11578 | D:10     | Learned a level 3 spell: Ignite Poison
 11583 | D:10     | Learned a level 4 spell: Olgreb's Toxic Radiance
 11638 | D:11     | Noticed a two-headed ogre
 11649 | D:11     | Killed a two-headed ogre
 11850 | D:11     | Reached skill level 1 in Poison Magic
 11906 | D:11     | Noticed a boulder beetle
 11915 | D:11     | Killed a boulder beetle
 12052 | D:11     | Noticed a boulder beetle
 12060 | D:11     | Killed a boulder beetle
 12262 | D:11     | Noticed a two-headed ogre
 12269 | D:11     | Killed a two-headed ogre
 12550 | D:11     | Gained mutation: Your presence sometimes corrodes those you
                  | injure. [demonic ancestry]
 12550 | D:11     | Reached XP level 12. HP: 77/77 MP: 22/27
 12714 | D:11     | Found the +4 robe of Augmentation {Str+4 Int+4 Dex+4}
 12842 | D:10     | Killed a boulder beetle
 13063 | Lair:1   | Entered Level 1 of the Lair of Beasts
 13214 | Lair:1   | Found a runed translucent gate.
 13214 | Lair:1   | Found a runed translucent gate.
 13214 | Lair:1   | Found a runed translucent gate.
 13215 | Lair:1   | Noticed Fuodati's ghost (journeyman NaNe)
 13229 | Lair:1   | Reached skill level 1 in Transmutations
 13486 | Lair:1   | Reached skill level 10 in Fire Magic
 13746 | Lair:1   | Reached skill level 12 in Spellcasting
 14206 | D:8      | Bought a potion of experience for 600 gold pieces
 14207 | D:8      | Reached skill level 5 in Armour
 14207 | D:8      | Gained mutation: Your presence sometimes corrodes or
                  | deforms those you injure. [demonic ancestry]
 14207 | D:8      | Reached XP level 13. HP: 85/85 MP: 29/29
 14863 | Lair:2   | Reached skill level 5 in Poison Magic
 15111 | Lair:2   | Found a staircase to the Shoals.
 16157 | Lair:3   | Reached **** piety under Vehumet
 16346 | Lair:3   | Offered knowledge of Iskenderun's Battlesphere by Vehumet.
 16478 | Lair:3   | Found a hole to the Spider Nest.
 16764 | Lair:3   | Learned a level 3 spell: Stone Arrow
 16808 | Lair:4   | Reached skill level 13 in Spellcasting
 16880 | Lair:4   | Gained mutation: You can speak a Word of Chaos. [demonic
                  | ancestry]
 16880 | Lair:4   | Reached XP level 14. HP: 91/91 MP: 24/31
 16935 | Lair:4   | Noticed Nessos
 16942 | Lair:4   | Killed Nessos
 18046 | Lair:4   | Found a staircase to the Slime Pits.
 18291 | Lair:5   | Entered Level 5 of the Lair of Beasts
 18313 | Lair:5   | Reached skill level 1 in Earth Magic
 18738 | Lair:5   | Reached ***** piety under Vehumet
 18776 | Lair:5   | Offered knowledge of Ozocubu's Refrigeration by Vehumet.
 20005 | Orc:1    | Entered Level 1 of the Orcish Mines
 20906 | Orc:2    | Entered Level 2 of the Orcish Mines
 20957 | Orc:2    | Reached skill level 14 in Spellcasting
 21019 | Orc:2    | Noticed Donald
 21029 | Orc:2    | Killed Donald
 21044 | Orc:2    | Noticed an orc warlord
 21188 | Orc:2    | Offered knowledge of Fulminant Prism by Vehumet.
 21194 | Orc:2    | Killed an orc warlord
 21945 | Orc:2    | Found Uqurghota's Jewellery Shoppe.
 22011 | Orc:2    | Found a staircase to the Elven Halls.
 22213 | Orc:2    | Found Piela's Antique Weapon Emporium.
 22251 | Orc:2    | Found Loetiyw's Antique Weapon Boutique.
 22253 | Orc:2    | Found Liot's Antique Armour Shop.
 22490 | D:12     | Reached XP level 15. HP: 97/97 MP: 28/33
 23512 | D:13     | HP: 4/98 [skeletal warrior/+0 trident (22)]
 23610 | D:13     | Slain by a skeletal warrior

Illustrated notes

Levels and vault maps discovered:
D:1:      eino_arrival_cavern_a, layout_basic, minmay_shallow_snake_nest
D:2:      layout_basic
D:3:      layout_rooms, mainiacjoe_overflow_alcove_2, grunt_ministairs_11,
          uniq_ijyb
D:4:      old_forge, layout_cave_pools, grunt_gozag_statues,
          lemuel_coloured_pillars_altar, nicolae_tso_carved_into_rock,
          mainiacjoe_overflow_alcove_4, lemuel_doored_altar
D:5:      layout_cave_pools, grunt_dithmenos_smoke, dk_vineyard_1,
          uniq_eustachio
D:6:      layout_basic, vehumet_crystals, gup_sewer_entry_bowl,
          minmay_crystal_room, uniq_edmund
D:7:      layout_basic, nicolae_wu_jian_immortal_techniques,
          minmay_temple_entry_stoned_glass, gammafunk_ghost_grave
D:8:      layout_basic, gammafunk_temple_of_torment, general_overflow_altar,
          serial_shops, nicolae_shop_hallway_stairs, nicolae_shop_trees,
          nicolae_shop_trees, grunt_livestock, uniq_prince_ribbit1
D:9:      layout_rooms, chequers_temple_overflow_minitemple, uniq_gastronok
D:10:     gammafunk_boulding_lane, layout_stronghold,
          grunt_lair_entry_orc_guard_hut, david_orc_3, lightli_corner_chamber
D:11:     layout_grid_maze
D:12:     layout_cave_pools
D:13:     layout_rooms, erik_vaults_2
Temple:   nicolae_temple_great_sept
Lair:1:   layout_roguey, ebering_ghost_rock_garden, st_stairs_10,
          serial_bayou_pond_b, grunt_megastairs_4
Lair:2:   layout_cellular_growth, minmay_shoals_entry_lonely_mermaid,
          grunt_megastairs_2
Lair:3:   layout_misc_corridors, nicolae_spider_entry_orb_guardian
Lair:4:   layout_small_grid, minmay_slime_entry_oklob_enclosed, minmay_holes,
          uniq_nessos
Lair:5:   gammafunk_lair_ancient_temple, layout_hall_layers
Orc:1:    layout_caves, minmay_orc_barracks
Orc:2:    grunt_orc_community_town_hall, layout_caves,
          grunt_orc_community_big_house_1, grunt_orc_community_big_house_1,
          grunt_orc_community_house_1, grunt_orc_community_house_2,
          grunt_orc_community_house_3, grunt_orc_community_house_2,
          grunt_orc_community_house_2, grunt_orc_community_house_2, uniq_donald

Skill      XL: |  1  2  3  4  5  6  7  8  9 10 11 12 13 14 15 |
---------------+----------------------------------------------+-----
Fire Magic     | 3 4 5 6 7 8 9 10 11 12 | 12.0
Spellcasting   | 3 4 5 7 9 10 11 12 13 14 | 14.6
Dodging        | 2 3 |  3.6
Conjurations   | 2 3 5 6 7 8 |  8.2
Fighting       | 1 2 3 |  3.0
Necromancy     | 1 3 5 6 7 |  7.2
Staves         | 1 2 3 |  3.2
Armour         | 2 4 5 6 7 |  7.3
Poison Magic   | 3 4 6 8 |  8.7
Transmutations | 2 3 4 |  4.8
Earth Magic    | 3 |  3.6
Stealth        | |  1.7

Action                   |  1- 3 |  4- 6 |  7- 9 | 10-12 | 13-15 || total
-------------------------+-------+-------+-------+-------+-------++-------
Melee: Short sword       |     2 |       |       |       |       ||     2
       Quarterstaff      |     5 |    11 |    12 |    28 |    21 ||    77
 Cast: Foxfire           |    66 |    65 |   128 |   182 |   308 ||   749
       Scorch            |     9 |    14 |    49 |    69 |    98 ||   239
       Necrotise         |       |     2 |    60 |     2 |       ||    64
       Flame Wave        |       |       |     6 |    18 |    15 ||    39
       Kindle Blastspark |       |       |       |     2 |       ||     2
       Ignite Poison     |       |       |       |    23 |   128 ||   151
       Olgreb's Toxic Ra |       |       |       |    19 |   101 ||   120
       Stone Arrow       |       |       |       |       |    19 ||    19
  Use: Scroll            |     9 |     2 |    12 |     5 |     8 ||    36
       Potion            |     1 |       |       |     1 |     5 ||     7
 Stab: Paralysed         |       |       |     1 |     2 |     3 ||     6
Armor: Robe              |     8 |     9 |    24 |     2 |    60 ||   103
       Scale mail        |       |       |       |    56 |       ||    56
Dodge: Dodged            |    23 |    17 |    51 |    44 |   107 ||   242
       Repelled          |       |       |     1 |     3 |     8 ||    12

Table legend: (Time is in decaauts)
 A = Elapsed time spent in this place.
 B = Non-inter-level travel time spent in this place.
 C = Inter-level travel time spent in this place.
 D = Time resting spent in this place.
 E = Time spent auto-exploring this place.
 F = Levels seen in this place.
 G = Mean time per level.
                   A        B        C        D        E       F      G
               +--------+--------+--------+--------+--------+-----+--------+
         Total |  23698 |  22990 |    708 |    726 |  18296 |  22 | 1077.2 |
       Dungeon |  14417 |  13954 |    463 |    529 |  10803 |  13 | 1109.0 |
        Temple |     12 |     12 |      0 |      0 |      9 |   1 |   12.0 |
          Lair |   6706 |   6473 |    233 |    195 |   5391 |   5 | 1341.2 |
  Orcish Mines |   2402 |   2391 |     11 |      2 |   1977 |   2 | 1201.0 |
         Sewer |    158 |    158 |      0 |      0 |    116 |   1 |  158.0 |
               +--------+--------+--------+--------+--------+-----+--------+

Top non-repeatable levels by time:
  Lair:4: 1667 daAuts
     D:7: 1608 daAuts
    D:10: 1588 daAuts
     D:9: 1524 daAuts
  Lair:5: 1504 daAuts
  Lair:2: 1391 daAuts
     D:4: 1340 daAuts
   Orc:1: 1230 daAuts
    D:11: 1196 daAuts
   Orc:2: 1172 daAuts
     D:1: 1163 daAuts
     D:8: 1156 daAuts
  Lair:1: 1102 daAuts
     D:2: 1092 daAuts
  Lair:3: 1040 daAuts
